 Dungeon Crawl Stone Soup version 0.27-a0-585-g945025970d (webtiles) character file.

Game seed: 7889315060666391606

603658 Tirvaldir the Metallomancer (level 27, -15/180 HPs)
             Began as a Gargoyle Earth Elementalist on Mar 8, 2021.
             Was the Champion of Vehumet.
             Demolished by an iron troll (19 damage)
             ... on level 5 of the Depths on Mar 10, 2021.
             The game lasted 03:18:38 (81464 turns).

Tirvaldir the Metallomancer (GrEE)                 Turns: 81464, Time: 03:18:39

Health: -15/180    AC: 36    Str: 14    XL:     27
Magic:  27/43      EV: 20    Int: 33    God:    Vehumet [******]
Gold:   3855       SH:  0    Dex: 17    Spells: 21/59 levels left

rFire    + + .     SeeInvis +   k - +17 lance "Wyrmbane" {slay drac, rPois rF+ rC+ AC+3}
rCold    + + .     Faith    .   (no shield)
rNeg     + . .     Spirit   .   y - +1 leather armour of Submission {+Inv Dex+7}
rPois    ∞         Reflect  .   A - +1 helmet {SInv}
rElec    +         Harm     .   d - scarf {rC+ rF+}
rCorr    .         Rampage  .   Y - +2 pair of gloves {Stlth+}
Will     ++...                  q - +2 pair of boots {Stlth+}
Stlth    ++........             K - amulet of magic regeneration
HPRegen  0.40/turn              Z - ring of wizardry
MPRegen  0.53/turn              D - +6 ring of intelligence

@: flying, studying 2 skills
A: big wings, rugged brown scales 1, blink, deformed body, negative energy
resistance 1, electricity resistance, torment resistance 1, unbreathing 1,
petrification resistance, AC +20
}: 3/15 runes: decaying, silver, gossamer
a: Stop Flying, Blink, Renounce Religion, Evoke Invisibility


You were on level 5 of the Depths.
You worshipped Vehumet.
Vehumet was exalted by your worship.
You visited 10 branches of the dungeon, and saw 48 of its levels.
You visited the Abyss 1 time.
You visited 1 bazaar.
You also visited: Ossuary and Volcano.

You collected 10482 gold pieces.
You spent 6627 gold pieces at shops.

Inventory:

Hand Weapons
 c - the +8 rapier of Kexew {vamp, rF++}
   (You took it off a wizard on level 1 of the Depths)

   It inflicts no extra harm, but heals its wielder when it wounds a living foe.
   It greatly protects you from fire.
 k - the +17 lance "Wyrmbane" (weapon) {slay drac, rPois rF+ rC+ AC+3}
   (You found it on level 5 of the Vaults)

   It affects your AC (+3).
   It protects you from fire.
   It protects you from cold.
   It protects you from poison.
 m - the +10 demon whip "Axkaj" {speed, rF+}
   (You took it off a frost giant on level 3 of the Depths)

   Attacks with this weapon are significantly faster.
   It protects you from fire.
 S - a +4 demon whip of freezing
Missiles
 G - 4 throwing nets
Armour
 d - a scarf of resistance (worn)
 j - the +0 cloak of the Eternal Void {+Inv Str+4}
   (You found it on level 5 of the Vaults)

   It affects your strength (+4).
   It lets you turn invisible.
 q - a +2 pair of boots of stealth (worn)
 y - the +1 leather armour of Submission (worn) {+Inv Dex+7}
   (You found it on level 4 of the Dungeon)

   It affects your dexterity (+7).
   It lets you turn invisible.
 A - a +1 helmet of see invisible (worn)
 Y - a +2 pair of gloves of stealth (worn)
Jewellery
 a - a ring of see invisible
 w - a ring of resist corrosion
 D - a +6 ring of intelligence (right hand)
 K - an amulet of magic regeneration (around neck)
 T - the ring "Irhopp" {rC+++ Will- MP+9 Str+4 Slay+2}
   (You found it on level 1 of the Vaults)

   [ring of magical power]

   It affects your strength (+4).
   It affects your accuracy and damage with ranged weapons and melee attacks
   (+2).
   It renders you almost immune to cold.
   It affects your willpower, your defense against some magical effects.
   It affects your magic capacity (+9).
 Z - a ring of wizardry (left hand)
Wands
 u - a wand of mindburst (11)
 H - a wand of digging (2)
 I - a wand of acid (23)
 M - a wand of iceblast (16)
Scrolls
 b - 2 scrolls of holy word
 f - 5 scrolls of amnesia
 h - 8 scrolls of fear
 i - 22 scrolls of teleportation
 r - 4 scrolls of magic mapping
 E - 8 scrolls of immolation
 L - 44 scrolls of identify
 O - 6 scrolls of blinking
 Q - 8 scrolls of fog
Potions
 e - 37 potions of curing
 g - 5 potions of resistance
 n - 8 potions of might
 o - 10 potions of haste
 p - 4 potions of cancellation
 s - 14 potions of heal wounds
 t - a potion of magic
 v - 9 potions of brilliance
 x - 7 potions of berserk rage
 z - 8 potions of mutation
 W - 5 potions of ambrosia
Miscellaneous
 l - a box of beasts
 N - a phial of floods
 P - a phantom mirror
 R - a tin of tremorstones (2/2)
 X - a condenser vane


   Skills:
 + Level 18.5 Fighting
 - Level 1.0(10.1) Axes
 - Level 15.9(16.0) Maces & Flails
 + Level 2.7(2.9) Polearms
 - Level 6.0 Armour
 + Level 14.8 Dodging
 - Level 2.1 Stealth
 + Level 16.5 Spellcasting
 + Level 18.7 Conjurations
 - Level 0.7 Transmutations
 + Level 20.2 Fire Magic
 - Level 22.0 Earth Magic
 - Level 10.0 Evocations


You had 21 spell levels left.
You knew the following spells:

 Your Spells              Type           Power      Damage    Failure   Level
a - Shatter               Erth           53%        3d40*     2%          9
b - Stone Arrow           Conj/Erth      100%       3d13      0%          3
c - Lee's Rapid Deconstr  Erth           53%        3d26*     0%          5
d - Lehudib's Crystal Sp  Conj/Erth      52%        10d12     1%          8
e - Bolt of Magma         Conj/Fire/Erth 52%        4d21      0%          5
g - Ignition              Fire           51%        3d14      1%          8

Your spell library contained the following spells:

 Spells                   Type           Power      Damage    Failure   Level
 Fire Storm               Conj/Fire      51%        8d13      7%          9
 Chain Lightning          Conj/Air       36%        N/A       24%         8
 Magic Dart               Conj           100%       1d8       0%          1
 Sandblast                Erth           100%       2d20      0%          1
 Searing Ray              Conj           100%       3d7       0%          2
 Conjure Flame            Conj/Fire      100%       6-21      0%          3
 Sticky Flame             Conj/Fire      100%       2d11      0%          4
 Fireball                 Conj/Fire      51%        3d20      0%          5
 Iskenderun's Battlesphe  Conj           100%       2d15      0%          5
 Animate Skeleton         Necr           54%        N/A       1%          1
 Apportation              Tloc           54%        N/A       1%          1
 Beastly Appendage        Tmut           64%        N/A       1%          1
 Corona                   Hex            30%        N/A       1%          1
 Freeze                   Ice            100%       1d11      1%          1
 Pain                     Necr           100%       1d9       1%          1
 Shock                    Conj/Air       100%       1d9       1%          1
 Sting                    Tmut/Pois      100%       1d8       1%          1
 Summon Small Mammal      Summ           100%       N/A       1%          1
 Blink                    Tloc           N/A        N/A       1%          2
 Call Imp                 Summ           27%        N/A       1%          2
 Corpse Rot               Necr/Air       N/A        N/A       1%          2
 Passwall                 Tmut/Erth      66%        N/A       1%          2
 Poisonous Vapours        Pois/Air       54%        N/A       1%          2
 Slow                     Hex            27%        N/A       1%          2
 Swiftness                Air            27%        N/A       1%          2
 Wereblood                Tmut           32%        N/A       1%          2
 Dazzling Flash           Conj/Hex       100%       N/A       1%          3
 Frozen Ramparts          Ice            54%        1d7       1%          3
 Ignite Poison            Fire/Tmut/Pois 65%        N/A       1%          3
 Inner Flame              Hex/Fire       76%        N/A       1%          3
 Mephitic Cloud           Conj/Pois/Air  62%        N/A       1%          3
 Spider Form              Tmut/Pois      14%        N/A       1%          3
 Animate Armour           Summ/Erth      100%       N/A       1%          4
 Fulminant Prism          Conj/Hex       36%        3d18      1%          4
 Hailstorm                Conj/Ice       73%        3d15      1%          4
 Iskenderun's Mystic Bla  Conj/Tloc      73%        2d15      1%          4
 Leda's Liquefaction      Hex/Erth       39%        N/A       1%          4
 Petrify                  Tmut/Erth      80%        N/A       1%          4
 Irradiate                Conj/Tmut      37%        3d26      1%          5
 Iron Shot                Conj/Erth      52%        9d10      1%          6
 Orb of Destruction       Conj           50%        9d15      1%          7
 Call Canine Familiar     Summ           27%        N/A       2%          3
 Ozocubu's Armour         Ice            27%        N/A       2%          3
 Portal Projectile        Hex/Tloc       54%        N/A       2%          3
 Summon Guardian Golem    Hex/Summ       27%        N/A       2%          3
 Vampiric Draining        Necr           13%        2d7       2%          3
 Olgreb's Toxic Radiance  Pois           27%        N/A       2%          4
 Freezing Cloud           Conj/Ice/Air   31%        6-21      2%          6
 Spellforged Servitor     Conj/Summ      36%        N/A       4%          7
 Ice Form                 Ice/Tmut       29%        N/A       6%          4
 Animate Dead             Necr           13%        N/A       8%          4
 Cause Fear               Hex            13%        N/A       8%          4
 Dispel Undead            Necr           27%        3d13      8%          4
 Summon Ice Beast         Ice/Summ       27%        N/A       8%          4
 Summon Lightning Spire   Summ/Air       27%        N/A       8%          4
 Blade Hands              Tmut           16%        N/A       16%         5
 Agony                    Necr           27%        N/A       21%         5
 Excruciating Wounds      Necr           13%        N/A       21%         5
 Metabolic Englaciation   Hex/Ice        13%        N/A       21%         5
 Hydra Form               Tmut           16%        N/A       58%         6
 Death Channel            Necr           13%        N/A       69%         6
 Simulacrum               Ice/Necr       13%        N/A       69%         6
 Ozocubu's Refrigeration  Ice            13%        4d7       75%         7
 Dragon Form              Tmut           16%        N/A       98%         7
 Haunt                    Necr/Summ      13%        N/A       99%         7
 Borgnjor's Revivificati  Necr           13%        N/A       100%        8
 Discord                  Hex            13%        N/A       100%        8
 Infestation              Necr           13%        N/A       100%        8
 Necromutation            Tmut/Necr      14%        N/A       100%        8
 Absolute Zero            Ice            13%        ∞         100%        9
 Death's Door             Necr           13%        N/A       100%        9
 Tornado                  Air            13%        N/A       100%        9
 Sublimation of Blood     Necr           Unusable   N/A       N/A         2
 Statue Form              Tmut/Erth      Unusable   N/A       N/A         6

Dungeon Overview and Level Annotations

Branches:
Dungeon (15/15)            Temple (1/1) D:4            Lair (6/6) D:9
  Swamp (4/4) Lair:3       Spider (4/4) Lair:3        Slime (0/5) Lair:5
    Orc (2/2) D:10            Elf (3/3) Orc:2        Vaults (5/5) D:13
  Crypt (3/3) Vaults:2       Tomb (0/3) Crypt:3      Depths (5/5) D:15
Ossuary (visited)         Volcano (visited)
    Zot: Depths:5

Altars:
Ashenzari
Cheibriados
Elyvilon
Makhleb
Okawaru
Ru
Sif Muna
Trog
Vehumet
Yredelemnul
Zin
Beogh
Jiyva
Lugonu

Shops:
D:7 (!?   D:10 !   D:11 !   Orc:2 *::=   Elf:1 ?(*[?   Elf:2 :   Elf:3 *
Vaults:1 [   Vaults:2 [   Vaults:4 (*(?   Depths:1 !!*   Depths:2 :
Depths:3 (*

Portals:
Hell: Lair:6 Depths:1 Depths:2 Depths:3 Depths:4 Depths:5
Abyss: Depths:2 Depths:4
Pandemonium: Depths:3
Ziggurat: Depths:1
Trove: Elf:2 (give +3 shadow dragon scales)

Annotations:
D:7 2 transporters
D:14 2 transporters
Swamp:2 1 runed translucent door, CakeIsGreat's ghost, adept GrEE
Elf:1 3 runed translucent doors, Govadawn's ghost, adept DsIE; Opsalyamag's ghost, adept DsBr; Tazxata's ghost, journeyman VSFi
Elf:2 5 runed translucent doors


Innate Abilities, Weirdness & Mutations

Your stone body is resilient. (AC +20)
You are immune to poison.
Your large and strong wings let you fly indefinitely.
You resist negative energy. (rN+)
You are resistant to electric shocks. (rElec)
You are resistant to unholy torment.
You can survive without breathing.
You are immune to petrification.
You are partially covered in rugged brown scales. (AC +1, +3% HP)
You can translocate small distances at will.
Armour fits poorly on your strangely shaped body.


Message History

You hit the iron troll.
You kill the iron troll!
Vehumet accepts your kill.
You feel your power returning.
The troll leather armour is intact enough to wear.
The iron troll barely misses you.
The iron troll claws you but does no damage.
The iron troll claws you!!
The glowing orange brain blinks!
Casting: Lehudib's Crystal Spear (mildly dangerous; 1% risk of failure)
Confirm with . or Enter, or press ? or * to list all spells.
Casting: Ignition (mildly dangerous; 1% risk of failure)
Press: ? - help, Dir - look around, f - activate The air bursts into flame!
The fireball engulfs the glowing orange brain!!
The glowing orange brain is severely wounded.
The fireball engulfs the iron troll!
The iron troll resists.
The iron troll is heavily wounded.
The fireball engulfs the deep troll shaman!
The deep troll shaman is almost dead.
The iron troll bites you but does no damage.
The iron troll claws you but does no damage.
The iron troll claws you! The deep troll shaman misses you.
The deep troll shaman completely misses you.
The deep troll shaman claws you but does no damage.
Unknown command.
The iron troll closely misses you. The iron troll claws you!!
The iron troll barely misses you.
The glowing orange brain pulsates.
Something tries to feed on your intellect!
The deep troll shaman utters an invocation to its god.
The deep troll shaman is healed somewhat.
The iron troll bites you!!
* * * LOW HITPOINT WARNING * * *
The iron troll completely misses you. The iron troll claws you.
* * * LOW HITPOINT WARNING * * *
The glowing orange brain pulsates.
The iron troll bites you!!!
* * * LOW HITPOINT WARNING * * *
The iron troll completely misses you. The iron troll claws you!!
You die...

.....##**,****,*,****,*,*,**≈,,,,
......######*,,,,,,*,,,,,,**≈,**,
...........#*,*,,,*+*,**,,**≈,,,*
##.###.##..#*,,*,,,*,,*,*,,*≈,,,*
........##.#*,,,*,*+*,,**,**≈,,,,
.#####...#.#*,,,,,,*,,,,,,**≈≈≈≈≈
.#....#....##**********,*********
,#.#.#)#.#..###############******
,*.....#.#......@TT.[......,,,,,,
,#.#.#.#.#.....#...#.CG#...*,,,,,
..#....#.....#...#...#.y.#,,,*,,∩
...#####.#.....#...#...#...*,,,,,
#........#...........#.....,,,,,,
######.###...##.#....#...,.,,*,,,
,,,,...,,...######....,..*****,*,
*,....,,..### #####.### ****
*#####*###* ***


You could see an iron troll (fast, strong), a stone giant (summoned), a spark
wasp (summoned), a glowing orange brain and a deep troll shaman.

Vanquished Creatures
  A dread lich (Vaults:5)
  3 ancient liches
  Mara (Spider:3)
  2 juggernauts
  A royal mummy (Crypt:1)
  Boris (Depths:5)
  Margery (Vaults:5)
  Frederick (Depths:4)
  A curse toe (Crypt:3)
  A caustic shrike (Depths:3)
  6 golden dragons
  Arachne (Spider:4)
  Nikola (Swamp:2)
  4 tentacled monstrosities
  8 liches
  Jorgrun (Swamp:1)
  2 deep elf blademasters (Elf:3)
  2 deep elf master archers (Elf:3)
  12 titans
  Frances (D:14)
  9 tengu reavers
  6 storm dragons
  Kirke (Lair:4)
  3 sphinxes (Vaults:5)
  Agnes (Spider:3)
  8 shadow dragons
  5 ancient champions
  Donald (Spider:1)
  3 revenants
  Roxanne (Spider:2)
  23 fire giants
  The ghost of Mumnaschil the Spear-Bearer, an adept DsVM of Gozag (Depths:1)
  4 ghost moths
  14 frost giants
  6 emperor scorpions
  14 deep elf sorcerers
  An iron dragon (Depths:3)
  15 vault wardens
  An orc warlord (Vaults:1)
  2 curse skulls (Crypt:3)
  4 deep elf elementalists
  28 very ugly things
  7 ghouls
  3 reapers
  2 war gargoyles (Vaults:5)
  16 ironheart preservers
  A spriggan defender (Depths:3)
  31 stone giants
  Nessos (D:14)
  11 deep elf demonologists
  8 vampire knights
  The ghost of Narval the Unseen, a journeyman KoEn of Dithmenos (Lair:6)
  An entropy weaver (shapeshifter) (Vaults:5)
  5 bunyips
  A dire elephant (Lair:6)
  8 deep elf annihilators
  Azrael (Spider:2)
  The ghost of anet the Quickloader, a journeyman GnHu of Ashenzari (Orc:2)
  4 entropy weavers
  12 spark wasps
  3 eidola
  11 deep elf death magi
  8 eleionomae
  A fire dragon (shapeshifter) (Vaults:5)
  17 ettins
  4 fire dragons
  4 great orbs of eyes
  2 quicksilver dragon zombies
  9 deep elf high priests
  7 rakshasas
  A merfolk impaler (Depths:1)
  A shambling mangrove (Swamp:4)
  16 jiangshi
  2 quicksilver dragon skeletons
  8 yaktaur captains
  43 vault guards
  Harold (D:8)
  5 spriggan air magi
  7 boulder beetles
  9 ogre magi
  30 hydras
  A hell beast (Depths:2)
  13 death knights
  5 alligators
  14 ice dragons
  9 deep troll shamans
  A fenstrider witch skeleton (Crypt:1)
  8 centaur warriors
  26 two-headed ogres
  11 deep troll earth magi
  3 titan zombies
  4 orc high priests (Orc:2)
  3 tengu warriors
  10 dancing weapons
  9 vampire magi
  2 death yaks (Lair:2)
  29 deep elf knights
  7 spriggan berserkers
  2 soul eaters
  21 hell knights
  3 iron trolls
  21 skeletal warriors
  A sixfirhy (Lair:6)
  A death drake (shapeshifter) (Vaults:3)
  A fire crab (shapeshifter) (Vaults:1)
  5 goliath frogs
  A storm dragon skeleton (Crypt:3)
  4 shadow wraiths
  2 golden dragon zombies (Crypt:1)
  4 spriggan druids
  28 deep trolls
  3 unseen horrors
  A bog body (Crypt:3)
  7 glowing orange brains
  2 obsidian statues
  10 swamp dragons
  24 deep elf archers
  6 flayed ghosts
  11 wizards
  A bunyip skeleton (Crypt:2)
  17 phantasmal warriors
  26 orc knights
  2 anaconda skeletons
  13 ironbrand convokers
  12 necromancers
  4 harpies (Vaults:3)
  Pikel (D:5)
  A golden dragon skeleton (D:15)
  3 frost giant zombies
  34 deep elf pyromancers
  29 deep elf zephyrmancers
  A shadow dragon zombie (Crypt:1)
  A shadow dragon skeleton (Crypt:2)
  21 orb spiders
  A cyclops (D:15)
  68 ugly things
  An oklob plant (Lair:5)
  2 will-o-the-wisps
  29 wolf spiders
  2 moths of wrath
  A fire giant zombie (Crypt:1)
  11 orc sorcerers
  An iron dragon skeleton (Crypt:3)
  A fire giant skeleton (Crypt:1)
  2 stone giant skeletons
  A moth of wrath (shapeshifter) (Vaults:3)
  11 elephants
  A guardian serpent (shapeshifter) (Vaults:5)
  3 manticores
  A rust devil (Depths:2)
  Joseph (D:8)
  6 black mambas
  11 vault sentinels
  A gargoyle (D:11)
  Psyche (D:8)
  An elephant slug zombie (Crypt:2)
  12 cane toads
  An orange demon (Lair:6)
  A shock serpent skeleton (Crypt:1)
  12 freezing wraiths
  4 torpor snails
  3 rime drakes
  4 guardian mummies
  A rime drake (shapeshifter) (Vaults:1)
  13 komodo dragons
  24 yaktaurs
  2 kobold demonologists (D:14)
  A pale draconian skeleton (Crypt:2)
  3 ice devils
  A red draconian zombie (Crypt:3)
  A hellwing (Lair:6)
  3 red devils
  17 demonic crawlers
  9 trolls
  3 bloated husks
  6 tyrant leeches
  4 polar bears
  30 jumping spiders
  2 hornets (shapeshifter)
  14 hornets
  2 hydra zombies
  A meliai (shapeshifter) (Vaults:4)
  2 wind drakes (shapeshifter)
  A fire dragon zombie (Crypt:1)
  2 tengu simulacra (Vaults:3)
  34 slime creatures
  15 blink frogs
  6 dream sheep (Lair:2)
  An alligator zombie (Crypt:1)
  An ice dragon zombie (Crypt:1)
  2 shadows
  An ice dragon skeleton (Crypt:1)
  19 tarantellas
  12 flying skulls
  67 redbacks
  5 spriggans
  A dire elephant simulacrum (Crypt:2)
  32 yaks
  Eustachio (D:5)
  An alligator skeleton (Crypt:1)
  5 wyverns
  23 water elementals
  A human (Lair:4)
  5 basilisks
  2 vampires
  2 fire bats (Volcano)
  15 wraiths
  Grum (D:8)
  9 fire elementals
  2 hogs (Lair:4)
  2 black mamba skeletons
  7 vampire mosquitoes
  Edmund (D:5)
  Menkaure (D:5)
  12 wargs
  2 acid dragons (Vaults:1)
  A cane toad zombie (Crypt:1)
  17 swamp worms
  A faun zombie (Crypt:2)
  A soldier ant (D:14)
  21 water moccasins
  A faun skeleton (Crypt:1)
  2 floating eyes (Depths:3)
  A two-headed ogre skeleton (Crypt:2)
  7 hell hounds
  A torturous demonspawn skeleton (Crypt:1)
  46 orc warriors
  6 ice beasts
  4 sky beasts
  A manticore zombie (Crypt:1)
  14 swamp drakes
  2 black bears (D:11)
  A dream sheep zombie (Crypt:2)
  A snapping turtle zombie (Crypt:1)
  A lindwurm skeleton (Crypt:3)
  4 necrophages
  27 wolves
  36 ogres
  A boggart (Vaults:2)
  15 centaurs
  2 phantoms
  A snapping turtle skeleton (Crypt:2)
  3 kobold brigands
  A manticore skeleton (Crypt:1)
  A lemure (D:5)
  A salamander zombie (Crypt:2)
  17 bullfrogs
  A cane toad simulacrum (Crypt:3)
  A draconian skeleton (Crypt:1)
  An earth elemental (Elf:2)
  A wyvern zombie (D:12)
  A warg zombie (Crypt:1)
  2 wyvern skeletons
  A shapeshifter zombie (Crypt:2)
  6 scorpions
  4 killer bees (D:13)
  12 wights
  5 howler monkeys
  2 centaur zombies
  3 lava snakes (Volcano)
  3 quasits
  A bullfrog zombie (D:10)
  Crazy Yiuf (D:4)
  23 orc priests
  4 bullfrog skeletons
  6 hounds
  An iron imp (Depths:3)
  3 jellies
  5 centaur skeletons
  Ijyb (D:4)
  3 iguanas
  Natasha (twice) (D:4)
  34 orc wizards
  4 hell rats (Lair:6)
  12 worker ants
  2 ogre zombies
  A tengu zombie (Crypt:1)
  2 naga skeletons (Crypt:1)
  13 mummies
  2 worker ant zombies
  12 gnolls
  14 adders
  2 shadow imps
  A swamp drake skeleton (Crypt:3)
  4 white imps
  4 ufetubi
  An ooze (D:2)
  An adder zombie (Crypt:3)
  2 adder skeletons
  5 worms
  4 dart slugs
  8 leopard geckos
  104 orcs
  7 giant cockroaches
  2 gnoll zombies
  4 goblins
  6 hobgoblins
  10 jackals
  3 bats
  10 frilled lizards
  A giant cockroach zombie (Crypt:3)
  4 hobgoblin zombies (Ossuary)
  A jackal skeleton (D:3)
  25 kobolds
  2 kobold zombies (Ossuary)
  An orc skeleton (Crypt:3)
  An orc zombie (Ossuary)
  A quokka skeleton (D:6)
  12 rats
  2 butterflies
2263 creatures vanquished.

Vanquished Creatures (collateral kills)
  A deep elf death mage (Elf:3)
  A two-headed ogre (D:13)
  A troll (D:13)
3 creatures vanquished.

Vanquished Creatures (others)
  A ghost moth (Spider:4)
  An eleionoma (Swamp:4)
  A fire dragon (Depths:3)
  An ogre mage (Vaults:4)
  A two-headed ogre (Vaults:4)
  A bloated husk (Swamp:1)
  5 ogres
  An ufetubus (Abyss:2)
  6 foxfires
  41 fungi
  39 plants
  7 starspawn tentacles (Abyss:2)
105 creatures vanquished.

Grand Total: 2371 creatures vanquished

Notes
Turn   | Place    | Note
-------+----------+-------------------------------------------
     0 | D:1      | Tirvaldir the Gargoyle Earth Elementalist began the quest
                  | for the Orb.
     0 | D:1      | Reached XP level 1. HP: 10/10 MP: 3/3
   353 | D:1      | Reached skill level 4 in Earth Magic
   353 | D:1      | Reached XP level 2. HP: 15/15 MP: 5/5
  1244 | D:2      | Reached XP level 3. HP: 14/19 MP: 7/7
  1583 | D:2      | Reached XP level 4. HP: 24/24 MP: 6/8
  1608 | D:2      | Reached skill level 5 in Earth Magic
  1721 | D:2      | Learned a level 3 spell: Stone Arrow
  1737 | D:2      | Reached XP level 5. HP: 24/28 MP: 7/10
  2083 | D:2      | Reached skill level 1 in Conjurations
  2310 | D:3      | Learned a level 5 spell: Lee's Rapid Deconstruction
  2541 | D:3      | Reached XP level 6. HP: 32/32 MP: 9/11
  3142 | D:4      | Reached skill level 6 in Earth Magic
  3157 | D:4      | Found a sand-covered staircase.
  3162 | Ossuary  | Entered an ossuary
  4159 | D:4      | Reached XP level 7. HP: 28/36 MP: 13/13
  4421 | D:4      | Found a staircase to the Ecumenical Temple.
  4432 | Temple   | Entered the Ecumenical Temple
  4488 | Temple   | Became a worshipper of Vehumet
  5224 | D:4      | Identified the +1 leather armour of Submission {+Inv Dex+7}
  5516 | D:4      | Identified the +0 mace "Ultimatum" {freeze, rElec rF+ Will+
                  | Str-4}
  5520 | D:4      | Found a runed translucent door.
  5521 | D:4      | Noticed Crazy Yiuf
  5526 | D:4      | Killed Crazy Yiuf
  5704 | D:4      | Noticed Natasha
  5704 | D:4      | Noticed Ijyb
  5711 | D:4      | Paralysed by Ijyb for 3 turns
  5717 | D:4      | Killed Natasha
  5718 | D:4      | Reached skill level 7 in Earth Magic
  5720 | D:4      | Killed Ijyb
  5816 | D:4      | Reached skill level 1 in Fighting
  5816 | D:4      | Reached skill level 1 in Maces & Flails
  5816 | D:4      | Reached skill level 1 in Armour
  5918 | D:4      | Noticed Natasha
  5932 | D:4      | Killed Natasha
  5933 | D:4      | Reached XP level 8. HP: 39/43 MP: 3/15
  6076 | D:5      | Entered Level 5 of the Dungeon
  6144 | D:5      | Found a white marble altar of Elyvilon.
  6245 | D:5      | Reached skill level 5 in Spellcasting
  6245 | D:5      | Reached skill level 1 in Evocations
  6266 | D:5      | Reached * piety under Vehumet
  6266 | D:5      | Offered knowledge of Foxfire by Vehumet.
  6463 | D:5      | Found Zin's Purification Station.
  6466 | D:5      | Found a glowing silver altar of Zin.
  6471 | D:5      | Bought a potion of curing for 90 gold pieces
  6487 | D:5      | Noticed Pikel
  6496 | D:5      | Noticed Edmund
  6515 | D:5      | Killed Pikel
  6521 | D:5      | Killed Edmund
  6742 | D:5      | Reached XP level 9. HP: 48/49 MP: 17/17
  6745 | D:5      | Noticed Eustachio
  6751 | D:5      | Killed Eustachio
  6806 | D:5      | Noticed Menkaure
  6811 | D:5      | Killed Menkaure
  6812 | D:5      | Reached skill level 5 in Conjurations
  7803 | D:6      | Reached skill level 8 in Earth Magic
  8498 | D:7      | Found Naych's Weapon Boutique.
  8546 | D:7      | Found Zasopteb's Distillery.
  8554 | D:7      | Bought a potion of curing for 48 gold pieces
  8554 | D:7      | Bought a potion of heal wounds for 80 gold pieces
  8554 | D:7      | Bought a potion of heal wounds for 80 gold pieces
  8554 | D:7      | Bought a potion of curing for 48 gold pieces
  8554 | D:7      | Bought a potion of haste for 160 gold pieces
  8554 | D:7      | Bought a potion of might for 64 gold pieces
  8716 | D:7      | Found a transporter.
  8718 | D:7      | Noticed a brown ugly thing
  8755 | D:7      | Noticed a troll
  8761 | D:7      | Killed a troll
  9032 | D:7      | Reached ** piety under Vehumet
  9070 | D:7      | Offered knowledge of Searing Ray by Vehumet.
  9075 | D:7      | Noticed a brown ugly thing
  9077 | D:7      | Found a transporter.
  9077 | D:7      | Noticed an unseen horror
  9249 | D:7      | Reached XP level 10. HP: 56/56 MP: 19/19
  9288 | D:7      | Found Ruanoar's Magic Scroll Boutique.
  9293 | D:7      | Bought a scroll of identify for 28 gold pieces
  9293 | D:7      | Bought a scroll of magic mapping for 49 gold pieces
  9293 | D:7      | Bought a scroll of immolation for 49 gold pieces
  9681 | D:7      | Noticed a water nymph
  9682 | D:7      | Found a corrupted altar of Lugonu.
  9682 | D:7      | Noticed a brown ugly thing
  9690 | D:7      | Noticed an eye of devastation
  9690 | D:7      | a floating eye changed into an eye of devastation
  9764 | D:8      | Noticed a two-headed ogre
  9770 | D:8      | Noticed Joseph
  9853 | D:8      | Killed Joseph
 10117 | D:8      | Killed a two-headed ogre
 10382 | D:8      | Noticed Harold
 10386 | D:8      | Noticed Psyche
 10388 | D:8      | Offered knowledge of Static Discharge by Vehumet.
 10390 | D:8      | Killed Harold
 10391 | D:8      | Reached skill level 5 in Fighting
 10391 | D:8      | Reached skill level 5 in Armour
 10391 | D:8      | Reached skill level 9 in Earth Magic
 10391 | D:8      | Killed Psyche
 10517 | D:8      | Noticed Grum
 10522 | D:8      | Killed Grum
 10522 | D:8      | Reached *** piety under Vehumet
 10523 | D:8      | Reached XP level 11. HP: 64/64 MP: 3/21
 11088 | D:9      | Offered knowledge of Fulminant Prism by Vehumet.
 11094 | D:9      | Reached skill level 5 in Maces & Flails
 11505 | D:9      | Found a staircase to the Lair.
 11798 | D:10     | Entered Level 10 of the Dungeon
 11963 | D:10     | Found a staircase to the Orcish Mines.
 11971 | D:10     | Reached **** piety under Vehumet
 11977 | D:10     | Offered knowledge of Yara's Violent Unravelling by Vehumet.
 12438 | D:10     | Gained mutation: Your large and strong wings let you fly
                  | indefinitely. [potion of mutation]
 12438 | D:10     | Gained mutation: You can translocate small distances at
                  | will. [potion of mutation]
 12438 | D:10     | Gained mutation: You are partially covered in rugged brown
                  | scales. (AC +1, +3% HP) [potion of mutation]
 12604 | D:10     | Found Belaix's Distillery.
 12611 | D:10     | Bought a potion of curing for 36 gold pieces
 12611 | D:10     | Bought a potion of curing for 36 gold pieces
 12611 | D:10     | Bought a potion of curing for 36 gold pieces
 12611 | D:10     | Bought a potion of heal wounds for 60 gold pieces
 13196 | D:11     | Reached skill level 5 in Evocations
 13360 | D:11     | Found Ighech's Distillery.
 13455 | D:11     | Noticed a wizard
 13461 | D:11     | Killed a wizard
 13462 | D:11     | Reached skill level 5 in Dodging
 13535 | D:11     | Reached skill level 10 in Earth Magic
 13950 | D:11     | Noticed a red ugly thing
 13955 | D:11     | Killed a red ugly thing
 14009 | D:12     | Noticed an eight-headed hydra
 14014 | D:12     | Killed an eight-headed hydra
 14015 | D:12     | Reached XP level 12. HP: 56/73 MP: 12/23
 14101 | D:12     | Reached ***** piety under Vehumet
 14101 | D:12     | Offered knowledge of Eringya's Noxious Bog by Vehumet.
 14299 | D:12     | Noticed a death knight
 14320 | D:12     | Killed a death knight
 14940 | D:12     | Noticed an eight-headed hydra
 14944 | D:12     | Killed an eight-headed hydra
 15207 | D:12     | Identified the Papyrus of Anaesthesia
 15215 | D:12     | Learned a level 5 spell: Fireball
 15556 | D:12     | Reached skill level 1 in Fire Magic
 15710 | D:13     | Noticed a two-headed ogre
 15713 | D:13     | Killed a two-headed ogre
 15808 | D:13     | Noticed a vault guard
 15808 | D:13     | Noticed a vault guard
 15808 | D:13     | Noticed a vault guard
 15809 | D:13     | Found a gate to the Vaults.
 15809 | D:13     | Noticed a vault guard
 15809 | D:13     | Noticed a vault guard
 15809 | D:13     | Noticed a vault guard
 15809 | D:13     | Noticed a vault guard
 15811 | D:13     | Noticed a vault guard
 15816 | D:13     | Killed a vault guard
 15817 | D:13     | Killed a vault guard
 15819 | D:13     | Killed a vault guard
 15821 | D:13     | Killed a vault guard
 15824 | D:13     | Killed a vault guard
 15825 | D:13     | Reached skill level 11 in Earth Magic
 15825 | D:13     | Reached XP level 13. HP: 53/80 MP: 11/25
 15825 | D:13     | Killed a vault guard
 15834 | D:13     | Killed a vault guard
 15844 | D:13     | Killed a vault guard
 16783 | D:13     | Offered knowledge of Ozocubu's Refrigeration by Vehumet.
 16970 | D:13     | Reached skill level 5 in Fire Magic
 17308 | D:14     | Found a transporter.
 17356 | D:14     | Found a transporter.
 17650 | D:14     | Found a bloodstained altar of Trog.
 17651 | D:14     | Found the +8 Wrath of Trog {antimagic, *Rage}
 17668 | D:14     | Noticed Frances
 17693 | D:14     | Killed Frances
 17757 | D:14     | You fall into a shaft and drop 1 floor!
 17757 | D:15     | Entered Level 15 of the Dungeon
 17832 | D:15     | Mutation became permanent: Your large and strong wings let
                  | you fly indefinitely. [Gargoyle growth]
 17832 | D:15     | Gained mutation: Your large and strong wings let you fly
                  | indefinitely. [Gargoyle growth]
 17832 | D:15     | Reached XP level 14. HP: 41/86 MP: 10/26
 18622 | D:14     | Found Tepe's Magic Scroll Boutique.
 18833 | D:14     | Noticed Nessos
 18846 | D:14     | Killed Nessos
 19606 | Lair:1   | Entered Level 1 of the Lair of Beasts
 19623 | Lair:1   | Reached skill level 10 in Conjurations
 19623 | Lair:1   | Reached skill level 12 in Earth Magic
 19975 | Lair:1   | You fall into a shaft and drop 1 floor!
 20010 | Lair:2   | Found a dark tunnel.
 20015 | Volcano  | Entered a volcano
 20125 | Volcano  | Found a radiant altar of Vehumet.
 22791 | Lair:3   | Reached XP level 15. HP: 89/94 MP: 28/28
 23159 | Lair:3   | Found a hole to the Spider Nest.
 23162 | Lair:3   | Offered knowledge of Bolt of Magma by Vehumet.
 23572 | Lair:3   | Found a staircase to the Swamp.
 23608 | Lair:3   | Found a snail-covered altar of Cheibriados.
 24288 | Lair:4   | Learned a level 5 spell: Bolt of Magma
 24591 | Lair:4   | Reached skill level 10 in Fighting
 24641 | Lair:4   | Noticed Kirke
 25309 | Lair:4   | Killed Kirke
 25921 | Lair:5   | Found a staircase to the Slime Pits.
 25921 | Lair:5   | Found a viscous altar of Jiyva.
 26864 | Lair:6   | Entered Level 6 of the Lair of Beasts
 27134 | Lair:6   | Offered knowledge of Spellforged Servitor by Vehumet.
 27212 | Lair:6   | Reached skill level 10 in Spellcasting
 27819 | Lair:6   | Found a burning altar of Makhleb.
 28081 | Lair:6   | Found a gateway to Hell.
 28425 | Lair:6   | Reached skill level 13 in Earth Magic
 28511 | Lair:6   | Reached XP level 16. HP: 79/100 MP: 5/30
 28921 | Lair:6   | Found a large runed translucent door.
 28921 | Lair:6   | Found a large runed translucent door.
 28923 | Lair:6   | Noticed Narval's ghost (journeyman KoEn)
 29412 | Lair:6   | Killed Narval's ghost
 29417 | Lair:6   | Identified the Reference Book on Flight and Creation
 29422 | Lair:6   | Identified the Papyrus of Shifting Hexes
 29717 | Orc:1    | Entered Level 1 of the Orcish Mines
 30495 | Orc:2    | Entered Level 2 of the Orcish Mines
 30576 | Orc:2    | Found a shimmering blue altar of Sif Muna.
 30640 | Orc:2    | Reached skill level 10 in Fire Magic
 30753 | Orc:2    | Found a staircase to the Elven Halls.
 30773 | Orc:2    | Found Cumek's Jewellery Emporium.
 30773 | Orc:2    | Found Cucias's General Store.
 31004 | Orc:2    | Found Cayffihe's Book Shop.
 31004 | Orc:2    | Found Teixt's Book Shop.
 31062 | Orc:2    | Bought a scroll of identify for 32 gold pieces
 31062 | Orc:2    | Bought a scroll of magic mapping for 56 gold pieces
 31145 | Orc:2    | Found a runed translucent gate.
 31145 | Orc:2    | Noticed anet's ghost (journeyman GnHu)
 31147 | Orc:2    | Found a runed translucent gate.
 31297 | Orc:2    | Found a runed translucent gate.
 31307 | Orc:2    | Identified the +5 chain mail "Raushus" {Rampage rN++ Str-4
                  | Stlth+}
 31357 | Orc:2    | Identified Sif Muna's Grimoire of the Entourage
 31476 | Orc:2    | Reached ****** piety under Vehumet
 31485 | Orc:2    | Offered knowledge of Lightning Bolt by Vehumet.
 32039 | D:7      | Bought a scroll of identify for 28 gold pieces
 32039 | D:7      | Bought a scroll of identify for 28 gold pieces
 32039 | D:7      | Bought a scroll of teleportation for 42 gold pieces
 32039 | D:7      | Bought a scroll of identify for 28 gold pieces
 32039 | D:7      | Bought a scroll of immolation for 49 gold pieces
 32181 | D:10     | Bought a potion of curing for 36 gold pieces
 32181 | D:10     | Bought a potion of curing for 36 gold pieces
 32264 | D:11     | Bought a potion of curing for 48 gold pieces
 32264 | D:11     | Bought a potion of might for 64 gold pieces
 32264 | D:11     | Bought a potion of curing for 48 gold pieces
 32264 | D:11     | Bought a potion of curing for 48 gold pieces
 32264 | D:11     | Bought a potion of magic for 128 gold pieces
 32450 | Orc:2    | Killed anet's ghost
 32457 | Orc:2    | Reached skill level 10 in Maces & Flails
 32492 | Orc:2    | Identified the +0 pair of boots of the Zebra {rPois rN+}
 33316 | D:15     | Found a staircase to the Depths.
 34460 | Spider:1 | Entered Level 1 of the Spider Nest
 35540 | Spider:1 | Reached XP level 17. HP: 107/107 MP: 19/31
 35718 | Spider:1 | Offered knowledge of Conjure Ball Lightning by Vehumet.
 35911 | Spider:1 | Learned a level 5 spell: Irradiate
 35922 | Spider:1 | Noticed Donald
 35925 | Spider:1 | Killed Donald
 36115 | Spider:2 | Identified Roxanne's Volume of Transmigration
 36115 | Spider:2 | Noticed Roxanne
 36485 | Spider:2 | Killed Roxanne
 36802 | Spider:2 | Noticed Azrael
 36813 | Spider:2 | Killed Azrael
 38130 | Spider:3 | Noticed Mara
 38132 | Spider:3 | Noticed Tirvaldir's illusion
 38241 | Spider:3 | Noticed Tirvaldir's illusion
 38423 | Spider:3 | Noticed Tirvaldir's illusion
 38425 | Spider:3 | Noticed Agnes
 38539 | Spider:3 | Killed Agnes
 38540 | Spider:3 | Noticed Tirvaldir's illusion
 38543 | Spider:3 | Killed Mara
 38853 | Spider:3 | Reached skill level 14 in Earth Magic
 39674 | Spider:4 | Entered Level 4 of the Spider Nest
 40057 | Swamp:1  | Entered Level 1 of the Swamp
 40081 | Swamp:1  | Noticed Jorgrun
 40248 | Swamp:1  | Offered knowledge of Ignition by Vehumet.
 40249 | Swamp:1  | Killed Jorgrun
 40602 | Swamp:1  | Reached skill level 10 in Evocations
 40660 | Lair:3   | Learned a level 8 spell: Ignition
 41586 | Swamp:2  | Reached XP level 18. HP: 114/114 MP: 23/33
 41880 | Swamp:2  | Noticed Nikola
 41891 | Swamp:2  | Killed Nikola
 42125 | Swamp:2  | Found a runed translucent door.
 42125 | Swamp:2  | Noticed CakeIsGreat's ghost (adept GrEE)
 42161 | Swamp:2  | Found a sacrificial altar of Ru.
 43612 | Swamp:4  | Entered Level 4 of the Swamp
 43629 | Swamp:4  | Identified the +1 robe of Pragmatism {Will+}
 43920 | Elf:1    | Entered Level 1 of the Elven Halls
 43931 | Elf:1    | Found Maepn's Magic Scroll Boutique.
 43970 | Elf:1    | Offered knowledge of Lehudib's Crystal Spear by Vehumet.
 43970 | Elf:1    | Offered knowledge of Fire Storm by Vehumet.
 43970 | Elf:1    | Offered knowledge of Chain Lightning by Vehumet.
 43992 | Elf:1    | Found Buagad's General Store.
 44001 | Elf:1    | Found Ytaen's Magic Scroll Emporium.
 44013 | Elf:1    | Found Deirimp's Weapon Shoppe.
 44659 | Elf:1    | Found a runed translucent gate.
 44659 | Elf:1    | Found a runed translucent gate.
 44659 | Elf:1    | Found a runed translucent gate.
 44659 | Elf:1    | Noticed Tazxata's ghost (journeyman VSFi)
 44659 | Elf:1    | Noticed Opsalyamag's ghost (adept DsBr)
 44659 | Elf:1    | Noticed Govadawn's ghost (adept DsIE)
 45202 | Elf:1    | Found Zaxt's Antique Armour Shop.
 45576 | Elf:2    | Reached skill level 15 in Fire Magic
 46420 | Elf:2    | Found a portal to a secret trove of treasure.
 46651 | Elf:2    | Found a huge runed translucent gate.
 46651 | Elf:2    | Found a huge runed translucent gate.
 46651 | Elf:2    | Found a huge runed translucent gate.
 46651 | Elf:2    | Found a huge runed translucent gate.
 46651 | Elf:2    | Found a huge runed translucent gate.
 46717 | Elf:2    | Found Wawkod's One-of-a-Kind Books.
 46973 | Elf:2    | Learned a level 8 spell: Lehudib's Crystal Spear
 47190 | Elf:2    | Reached skill level 1 in Axes
 47298 | Elf:3    | Entered Level 3 of the Elven Halls
 47302 | Elf:3    | Reached XP level 19. HP: 103/119 MP: 13/34
 47368 | Elf:3    | Found Ugol's Assorted Antiques.
 49111 | Elf:3    | Reached skill level 15 in Earth Magic
 49136 | Elf:3    | HP: 6/120 [earth elemental[a deep elf elementalist] (27)]
 49846 | Elf:3    | Cast into level 2 of the Abyss (a deep elf demonologist)
 49846 | Abyss:2  | Found a transporter.
 49846 | Abyss:2  | Found a corrupted altar of Lugonu.
 49854 | Abyss:2  | Gained mutation: Armour fits poorly on your strangely
                  | shaped body. [a cacodemon]
 49965 | Elf:3    | Escaped the Abyss
 50036 | Elf:3    | Identified a scroll of acquirement
 50036 | Elf:3    | Acquired 807 gold pieces
 50079 | Elf:3    | Identified the Incunabulum of Curses
 50091 | Elf:3    | Identified the Disquisition on Stones
 50126 | Elf:3    | Identified the +5 hunting sling of Brutal Revenge {flame,
                  | rC+ Will+ Dex+4}
 50779 | Swamp:4  | Reached skill level 10 in Dodging
 50781 | Swamp:4  | Reached XP level 20. HP: 106/126 MP: 35/35
 50798 | Swamp:4  | Got a decaying rune of Zot
 51860 | Spider:4 | Reached skill level 16 in Earth Magic
 53345 | Spider:4 | Noticed Arachne
 53355 | Spider:4 | Killed Arachne
 53718 | Spider:4 | Got a gossamer rune of Zot
 54242 | Vaults:1 | Entered Level 1 of the Vaults
 54247 | Vaults:1 | Upgraded the game from 0.27-a0-553-ge0ab5a2769 to
                  | 0.27-a0-577-ge2a43ba0c9
 54450 | Orc:2    | Bought a book of the Earth for 845 gold pieces
 54673 | Vaults:1 | Learned a level 9 spell: Shatter
 55046 | Vaults:1 | Found Vok Vyda's Antique Armour Shop.
 55117 | Vaults:1 | Reached skill level 17 in Earth Magic
 55892 | Vaults:1 | Found a shimmering blue altar of Sif Muna.
 56148 | Vaults:1 | Found a transporter.
 56161 | Vaults:1 | Found a transporter.
 56184 | Vaults:1 | Reached skill level 18 in Earth Magic
 56187 | Vaults:1 | Reached XP level 21. HP: 29/132 MP: 20/37
 56509 | Vaults:1 | Identified the ring "Irhopp" {rC+++ Will- MP+9 Str+4
                  | Slay+2}
 57135 | Vaults:1 | Reached skill level 19 in Earth Magic
 58310 | Vaults:2 | Reached skill level 20 in Earth Magic
 58321 | Vaults:2 | Found Citom's Antique Armour Emporium.
 59036 | Vaults:2 | Found a staircase to the Crypt.
 59915 | Vaults:3 | Identified the +1 leather armour "Sosmuxuiz" {Harm}
 60487 | Vaults:3 | Identified the +1 robe "Pony" {Will- Regen+ Int-5 Dex+9}
 60639 | Vaults:3 | Reached skill level 21 in Earth Magic
 61284 | Vaults:3 | Reached XP level 22. HP: 139/139 MP: 33/38
 62052 | Vaults:4 | Found Bukkiure's Weapon Boutique.
 62134 | Vaults:4 | Found Kupyoluope's Assorted Antiques.
 62150 | Vaults:4 | Found Goumyfua's Antique Weapon Shoppe.
 62158 | Vaults:4 | Found Xano's Magic Scroll Shop.
 62195 | Vaults:4 | Found a flickering gateway to a bazaar.
 62206 | Bazaar   | Entered a bazaar
 62294 | Bazaar   | Found Yge Umus's Magic Scroll Shoppe.
 62346 | Bazaar   | Found Geogatze's Jewellery Boutique.
 62412 | Bazaar   | Found Sastrufy's Jewellery Shoppe.
 62470 | Bazaar   | Found Agacisch's Magic Scroll Shoppe.
 62543 | Bazaar   | Bought a scroll of acquirement for 572 gold pieces
 62545 | Bazaar   | Acquired 632 gold pieces
 62549 | Bazaar   | Bought a scroll of identify for 22 gold pieces
 62549 | Bazaar   | Bought a scroll of identify for 22 gold pieces
 62549 | Bazaar   | Bought a scroll of identify for 22 gold pieces
 62549 | Bazaar   | Bought a scroll of identify for 22 gold pieces
 62549 | Bazaar   | Bought 2 scrolls of identify for 44 gold pieces
 62549 | Bazaar   | Bought a scroll of teleportation for 33 gold pieces
 62549 | Bazaar   | Bought a scroll of identify for 22 gold pieces
 62549 | Bazaar   | Bought a scroll of teleportation for 33 gold pieces
 62549 | Bazaar   | Bought a scroll of identify for 22 gold pieces
 62549 | Bazaar   | Bought a scroll of identify for 22 gold pieces
 62549 | Bazaar   | Bought a scroll of magic mapping for 38 gold pieces
 62549 | Bazaar   | Bought a scroll of identify for 22 gold pieces
 62611 | Bazaar   | Bought a scroll of teleportation for 24 gold pieces
 62611 | Bazaar   | Bought a scroll of identify for 16 gold pieces
 62611 | Bazaar   | Bought a scroll of holy word for 60 gold pieces
 62611 | Bazaar   | Bought a scroll of holy word for 60 gold pieces
 62611 | Bazaar   | Bought a scroll of teleportation for 24 gold pieces
 62611 | Bazaar   | Bought a scroll of identify for 16 gold pieces
 62611 | Bazaar   | Bought a scroll of identify for 16 gold pieces
 62611 | Bazaar   | Bought a scroll of summoning for 76 gold pieces
 62611 | Bazaar   | Bought a scroll of identify for 16 gold pieces
 62991 | Vaults:4 | Bought a scroll of magic mapping for 42 gold pieces
 62991 | Vaults:4 | Bought a scroll of blinking for 90 gold pieces
 63004 | Vaults:4 | Bought a potion of heal wounds for 115 gold pieces
 63056 | Vaults:4 | Bought a twisted morningstar for 225 gold pieces
 63056 | Vaults:4 | Identified the +3 morningstar of the Howling Queen {speed,
                  | rPois rC+ Dex+2} (You bought it in a shop on level 4 of the
                  | Vaults)
 64484 | Vaults:5 | Entered Level 5 of the Vaults
 64494 | Vaults:5 | Noticed an ancient lich
 64496 | Vaults:5 | Reached XP level 23. HP: 76/145 MP: 16/39
 64837 | Vaults:5 | Reached skill level 22 in Earth Magic
 64837 | Vaults:5 | Noticed a dread lich
 64838 | Vaults:5 | Killed an ancient lich
 64839 | Vaults:5 | Killed a dread lich
 64865 | Vaults:5 | Reached skill level 15 in Conjurations
 65397 | Vaults:5 | Noticed a golden dragon
 65400 | Vaults:5 | Killed a golden dragon
 65401 | Vaults:5 | Reached XP level 24. HP: 153/153 MP: 35/40
 65458 | Vaults:5 | Reached skill level 15 in Fighting
 66457 | Vaults:5 | Found the +8 lance "Wyrmbane" {slay drac, rPois rF+ rC+
                  | AC+3}
 66552 | Vaults:5 | Identified the +1 scale mail "Futz" {+Blink}
 66767 | Vaults:5 | Noticed Margery
 66772 | Vaults:5 | Killed Margery
 67193 | Vaults:5 | Got a silver rune of Zot
 67279 | Vaults:5 | Identified the +0 cloak of the Eternal Void {+Inv Str+4}
 67765 | Crypt:1  | Entered Level 1 of the Crypt
 68824 | Crypt:1  | Noticed a royal mummy
 68829 | Crypt:1  | Killed a royal mummy
 70443 | Crypt:2  | Reached XP level 25. HP: 72/160 MP: 3/41
 71569 | Crypt:3  | Entered Level 3 of the Crypt
 72707 | Crypt:3  | Noticed an ancient lich
 72708 | Crypt:3  | Noticed an ancient lich
 72708 | Crypt:3  | Identified the ring of Fadel {rN+ Str+7}
 72710 | Crypt:3  | Killed an ancient lich
 72711 | Crypt:3  | Reached skill level 15 in Maces & Flails
 72711 | Crypt:3  | Killed an ancient lich
 72718 | Crypt:3  | Identified the +3 hand crossbow "Tirvaldir's Death" {flame,
                  | +Fly Will- Str+4}
 72726 | Crypt:3  | Identified the +11 long sword of Zeror {holy, rElec}
 72728 | Crypt:3  | Identified the ring "Firchijey" {rN+ Int+2 Dex+4 Stlth-}
 72732 | Crypt:3  | Identified the ring of Balance {*Slow Will+ Str+2 Dex+6}
 72745 | Crypt:3  | Identified the Tome of Black Rites
 73053 | Crypt:3  | Found a staircase to the Tomb.
 73216 | Crypt:3  | Identified the +0 leather armour of Protective Custody
                  | {rPois Int-2 SInv Stlth+}
 73682 | Depths:1 | Entered Level 1 of the Depths
 73682 | Depths:1 | Found Utiupne's Distillery.
 73688 | Depths:1 | Bought 2 potions of haste for 300 gold pieces
 73688 | Depths:1 | Bought a potion of curing for 45 gold pieces
 73688 | Depths:1 | Bought a potion of heal wounds for 75 gold pieces
 73688 | Depths:1 | Bought a potion of heal wounds for 75 gold pieces
 73688 | Depths:1 | Bought a potion of curing for 45 gold pieces
 73688 | Depths:1 | Bought a potion of heal wounds for 75 gold pieces
 73688 | Depths:1 | Bought a potion of curing for 45 gold pieces
 73688 | Depths:1 | Bought a potion of mutation for 120 gold pieces
 73688 | Depths:1 | Bought a potion of mutation for 120 gold pieces
 73896 | Depths:1 | Identified the +8 rapier of Kexew {vamp, rF++}
 74055 | Depths:1 | Reached skill level 15 in Spellcasting
 74432 | Depths:1 | Found a gateway to a ziggurat.
 74467 | Depths:1 | Found Xuso's General Store.
 74477 | Depths:1 | Bought a potion of heal wounds for 100 gold pieces
 74477 | Depths:1 | Bought a potion of heal wounds for 100 gold pieces
 74477 | Depths:1 | Bought a potion of haste for 200 gold pieces
 74477 | Depths:1 | Bought a potion of haste for 200 gold pieces
 74477 | Depths:1 | Bought a potion of ambrosia for 160 gold pieces
 74503 | Depths:1 | Found Noell's Distillery.
 74510 | Depths:1 | Bought a potion of curing for 66 gold pieces
 74510 | Depths:1 | Bought 2 potions of curing for 132 gold pieces
 74510 | Depths:1 | Bought a potion of curing for 66 gold pieces
 74510 | Depths:1 | Bought 2 potions of might for 176 gold pieces
 74510 | Depths:1 | Bought a potion of heal wounds for 110 gold pieces
 74510 | Depths:1 | Bought a potion of heal wounds for 110 gold pieces
 74510 | Depths:1 | Bought a potion of curing for 66 gold pieces
 74510 | Depths:1 | Bought a potion of heal wounds for 110 gold pieces
 74795 | Depths:1 | Noticed Mumnaschil's ghost (adept DsVM)
 74796 | Depths:1 | Found a runed translucent door.
 74800 | Depths:1 | Killed Mumnaschil's ghost
 74801 | Depths:1 | Reached XP level 26. HP: 168/168 MP: 11/42
 75542 | Depths:2 | Found a one-way gate to the infinite horrors of the Abyss.
 75761 | Depths:2 | Found Daseplaurgh's Book Emporium.
 76143 | Depths:3 | Found Fiqig's General Store.
 76158 | Depths:3 | Bought a potion of curing for 75 gold pieces
 76441 | Depths:3 | Noticed a juggernaut
 76444 | Depths:3 | Killed a juggernaut
 76689 | Depths:3 | Identified the +10 demon whip "Axkaj" {speed, rF+}
 77289 | Depths:3 | Found Cuigur's Weapon Emporium.
 77852 | Depths:3 | Identified the ring "Mocw" {Ice rN+ Str+8 Dex-4 SInv}
 77976 | Depths:3 | Found the +8 longbow "Zephyr" {speed, Dex+3 SInv}
 77984 | Depths:3 | Found the +2 cloak of the Thief {*Fog Slay-2 SInv Stlth+}
 78159 | Depths:3 | Reached XP level 27. HP: 162/177 MP: 42/42
 78689 | Depths:3 | Found a one-way gate leading to the halls of Pandemonium.
 78694 | Depths:3 | Acquired 980 gold pieces
 79112 | Depths:4 | Noticed Frederick
 79121 | Depths:4 | Killed Frederick
 79401 | Depths:4 | Noticed a juggernaut
 79407 | Depths:4 | Killed a juggernaut
 80658 | Depths:4 | Reached skill level 1 in Polearms
 80897 | Depths:5 | Entered Level 5 of the Depths
 80899 | Depths:5 | Upgraded the game from 0.27-a0-577-ge2a43ba0c9 to
                  | 0.27-a0-585-g945025970d
 81184 | Depths:5 | Noticed Boris
 81189 | Depths:5 | Killed Boris
 81358 | Depths:5 | Found a white marble altar of Elyvilon.
 81359 | Depths:5 | Found an iron altar of Okawaru.
 81464 | Depths:5 | HP: 4/180 [iron troll (38)]
 81464 | Depths:5 | Demolished by an iron troll

Illustrated notes

Levels and vault maps discovered:
D:1:      scummos_arrival_gate, layout_rooms
D:2:      minmay_skewed_foursquare, layout_basic
D:3:      layout_loops_ring
D:4:      layout_cave_pods, minmay_temple_entry_antechambers,
          nicolae_ossuary_entry_false_entrances, uniq_crazy_yiuf_cottage,
          uniq_natasha, uniq_ijyb
D:5:      layout_gridville, zin_purify, elyvilon_altar_5, uniq_pikel,
          uniq_edmund, uniq_eustachio, uniq_menkaure
D:6:      layout_basic
D:7:      gammafunk_corrupted_shrine, layout_gridville, serial_shops,
          kennysheep_little_box, nicolae_shop_trees, nicolae_shop_stone,
          nicolae_zen_rock_garden
D:8:      layout_rooms, hangedman_decor_diamond_cutter, uniq_harold,
          uniq_psyche, uniq_grum, uniq_joseph
D:9:      layout_basic, lair_entry_dummy, minmay_circle_x
D:10:     layout_stronghold, david_orc_5, serial_shops, shop
D:11:     layout_roguey, serial_shops, nicolae_shop_stone, nooodl_orcs_dogs
D:12:     layout_irregular_city, kennysheep_generic_room_12
D:13:     layout_cave_pods, erik_vaults_2
D:14:     emtedronai_trogs_sanctum, layout_long_grid, roderic_roman_lattice,
          serial_shops, shop, hangedman_abyss_or_decor_passed, uniq_nessos,
          uniq_frances
D:15:     gammafunk_depths_entry_grave, layout_stronghold, minivault_14
Temple:   roderic_octagonal_lattice_temple
Lair:1:   beast_lair_carwin_large_3, layout_small_grid
Lair:2:   layout_roguey, enter_volcano_4, minmay_shattered_shrine
Lair:3:   layout_regular_city, minmay_swamp_entry_swarm,
          spider_nest_entry_rubble, kennysheep_snail_temple, lemuel_fruit_fields
Lair:4:   layout_long_grid, serial_bayou_pond_d, uniq_kirke
Lair:5:   layout_gridlike, slime_altar_1
Lair:6:   evil_forest, layout_cave_pods, ebering_ghost_disaster_area,
          guppyfry_lair_drakes
Swamp:1:  layout_falls_marsh, evilmike_swamp_ruin_house_1, swamp_pool2,
          hangedman_swamp_grove, uniq_jorgrun
Swamp:2:  layout_basic_swamp, ebering_ghost_reflecting_pool,
          nicolae_swamp_little_tower, swamp_pool1, lemuel_altar_in_water,
          uniq_nikola
Swamp:3:  layout_basic_swamp, nicolae_swamp_fairy_circle, swamp_pool1
Swamp:4:  swamp, layout_basic_swamp, nicolae_swamp_hydra_murder_den
Spider:1: layout_chambers, uniq_donald
Spider:2: layout_chambers, uniq_roxanne, uniq_azrael
Spider:3: layout_spider_delve, nicolae_spider_cling_halls, uniq_agnes, uniq_mara
Spider:4: grunt_spider_rune_island, uniq_arachne
Orc:1:    layout_diamond_mine, statue_in_the_mist_lemuel,
          nicolae_orc_stony_grotto, mines5_lemuel
Orc:2:    st_orc_elflike, layout_caves, biasface_ghost_orc_armoury, led_sif_book
Elf:1:    layout_rooms, gammafunk_ghost_cemetery, serial_shops, shop,
          shop_scrolls, nicolae_shop_trees, shop, shop, serial_co_window_serial,
          co_window_of_opportunity_a, co_window_of_opportunity_a,
          co_window_paths_a, co_window_paths_a, co_window_paths_b,
          co_window_corner_a, co_window_corner_ca, co_window_2corner,
          co_window_broadway_a, co_window_unsneaky_path_a, co_window_broadway_b,
          co_window_corner_ca, co_window_unsneaky_path_e, co_window_4corner_b,
          glass_columns_a, glass_columns_a, glass_columns_b, glass_columns_a
Elf:2:    layout_geoelf_diagonals, nicolae_trove_entry_isolated,
          nicolae_rare_books, grunt_megastairs_2, uniq_louise
Elf:3:    minmay_elf_hall_x, layout_geoelf_octagon, serial_shops, shop,
          feat_on_display
Vaults:1: v_misc_23, ontoclasm_vaults_spin, nicolae_vaults_little_squares_1,
          gammafunk_sealed_arena, vaults_room_grunt_arrival_ludios, v_misc_24,
          vaults_room_semicircle, nicolae_vaults_sealed_display,
          nicolae_vaults_ninety_degrees, ontoclasm_vaults_decontamination,
          layout_vaults_big_cross, basic_altar, serial_shops,
          nicolae_shop_behind_doors
Vaults:2: nicolae_vaults_gold_heap, v_misc_26, v_rooms_5,
          hangedman_vaults_variations, nicolae_vaults_three_branches,
          nicolae_vaults_ring_of_whatevers, vaults_dpeg_doors,
          minmay_crypt_entry_simple_round, grunt_vaults_focal,
          layout_vaults_omnigrid, serial_shops, nicolae_shop_overgrown_old_shop
Vaults:3: hangedman_vaults_trim, v_misc_30, nicolae_vaults_diagonal_hallway_9,
          vaults_room_hangedman_quadrants, nicolae_vaults_little_ls,
          v_alt_pattern_1, nicolae_vaults_mini_display_case, v_misc_27,
          vaults_room_pools, vaults_mumra_hexcomb, ontoclasm_vaults_pinch,
          nicolae_vaults_little_squares_1, grunt_vaults_hallway_short,
          layout_vaults_chaotic_city
Vaults:4: vaults_room_grid, nicolae_vaults_network_barrier,
          ontoclasm_vaults_gateway, ontoclasm_vaults_claustrophobia,
          hangedman_vaults_river_flow, nicolae_vaults_little_squares_5,
          nicolae_vaults_circle_grid_b, nicolae_vaults_theta, vaults_dpeg_ring,
          st_lattice, layout_vaults_ring, serial_shops, bzr_firewalk,
          nicolae_shop_trees, shop_statue, shop_fountains, shop
Vaults:5: uniq_margery
Crypt:1:  lemuel_minitomb, layout_chaotic_city, minicrypt_bobbens,
          grunt_crypt_arrival_split
Crypt:2:  layout_rooms, grunt_ministairs_2
Crypt:3:  david_glass_crypt, layout_gridlike
Depths:1: layout_cave_pools, enter_ziggurat_b, serial_bayou_pond_c,
          ebering_ghost_inner_flame, hell_entry, serial_shops, shop_statue,
          shop, shop, chequers_serial_rivers_micro_b, kennysheep_generic_room_9
Depths:2: minmay_ornate_pinched, layout_cave_shapes, kennysheep_donut,
          serial_shops, shop, grunt_mini_vestibule, abyss_entry,
          minmay_misc_feat_pillars
Depths:3: minmay_heptahexagon, layout_cave_shapes, serial_shops, shop,
          hell_entry, grunt_pan_entry_in_and_out, minmay_shop_star
Depths:4: grunt_house_of_mirrors, layout_basic, abyss_entry, kennysheep_boxes,
          pf_hell_entry_tar_spiral, drop_trap, kb_rosetta,
          infiniplex_staircase_split_hallway, uniq_frederick
Depths:5: hangedman_slaughterboxes, hell_entry, uniq_boris

Skill      XL: |  1  2  3  4  5  6  7  8  9 10 11 12 13 14 15 16 17 18 19 20 21 22 23 24 25 26 27 |
---------------+----------------------------------------------------------------------------------+-----
Earth Magic    | 4 5 6 7 8 9 10 11 12 13 14 15 18 21 22 | 22.0
Spellcasting   | 3 4 5 6 7 8 9 10 11 12 13 14 15 16 | 16.5
Conjurations   | 1 3 4 5 6 7 8 9 10 11 12 13 14 15 16 17 18 | 18.7
Fighting       | 1 2 4 5 6 7 8 9 10 11 12 13 14 15 16 17 18 | 18.5
Maces & Flails | 1 2 3 4 5 7 8 9 10 11 12 13 14 15 | 15.9
Armour         | 1 2 4 5 6 |  6.0
Dodging        | 2 3 4 5 6 7 8 9 10 11 12 13 14 | 14.8
Evocations     | 2 3 4 5 6 7 8 9 10 | 10.0
Fire Magic     | 3 5 7 9 11 12 16 17 18 19 20 | 20.2
Axes           | 1 |  1.0
Polearms       | 2 |  2.7
Stealth        | |  2.1
Transmutations | |  0.7

Action                   |  1- 3 |  4- 6 |  7- 9 | 10-12 | 13-15 | 16-18 | 19-21 | 22-24 | 25-27 || total
-------------------------+-------+-------+-------+-------+-------+-------+-------+-------+-------++-------
Melee: Dagger            |    17 |       |       |       |       |       |       |       |       ||    17
       Unarmed           |     5 |       |       |       |     3 |       |       |       |       ||     8
       Mace              |    64 |   150 |    31 |       |       |       |       |       |       ||   245
       Flail             |       |       |   219 |   452 |   739 |   700 |   325 |       |       ||  2435
       Demon whip        |       |       |       |       |       |       |   397 |   653 |   349 ||  1399
       Lance             |       |       |       |       |       |       |       |   110 |   117 ||   227
 Cast: Sandblast         |    16 |    72 |    41 |    26 |    53 |    20 |     4 |       |       ||   232
       Stone Arrow       |       |     1 |    26 |    76 |   172 |    13 |     2 |       |     3 ||   293
       Lee's Rapid Decon |       |       |     1 |    50 |    90 |    58 |    39 |    13 |    11 ||   262
       Fireball          |       |       |       |     3 |    14 |    58 |       |       |       ||    75
       Bolt of Magma     |       |       |       |       |    40 |   304 |    62 |     6 |       ||   412
       Irradiate         |       |       |       |       |       |    26 |       |       |       ||    26
       Ignition          |       |       |       |       |       |     6 |    93 |    47 |    34 ||   180
       Lehudib's Crystal |       |       |       |       |       |     1 |    68 |    81 |    99 ||   249
       Shatter           |       |       |       |       |       |       |       |    91 |   130 ||   221
 Abil: Fly               |       |       |       |       |       |     1 |       |       |       ||     1
       Evoke Invisibilit |       |       |       |       |       |       |     1 |     1 |       ||     2
Evoke: Wand              |       |       |     3 |    22 |    19 |     8 |     2 |       |     2 ||    56
       Phantom mirror    |       |       |       |       |     2 |       |     1 |       |       ||     3
       Tin of tremorston |       |       |       |       |       |     2 |     6 |     2 |     4 ||    14
       Phial of floods   |       |       |       |       |       |       |     1 |       |       ||     1
       Condenser vane    |       |       |       |       |       |       |     2 |     1 |     1 ||     4
  Use: Potion            |       |     2 |     2 |     2 |    10 |     5 |     6 |     6 |     4 ||    37
       Scroll            |       |     1 |    21 |    10 |     9 |     8 |    12 |     3 |     7 ||    71
 Stab: Sleeping          |     4 |     2 |     2 |    10 |     4 |     3 |     1 |     1 |       ||    27
       Distracted        |       |     1 |       |     1 |     1 |     1 |     1 |     3 |       ||     8
       Confused          |       |       |       |     1 |       |       |       |       |       ||     1
Armor: Robe              |    37 |    79 |    52 |       |       |       |       |       |       ||   168
       Leather armour    |       |       |   143 |   298 |   537 |   606 |   640 |   298 |   263 ||  2785
Dodge: Dodged            |    63 |   112 |   277 |   461 |   786 |   789 |   677 |   405 |   393 ||  3963

Table legend: (Time is in decaauts)
 A = Elapsed time spent in this place.
 B = Non-inter-level travel time spent in this place.
 C = Inter-level travel time spent in this place.
 D = Time resting spent in this place.
 E = Time spent auto-exploring this place.
 F = Levels seen in this place.
 G = Mean time per level.
                   A        B        C        D        E       F      G
               +--------+--------+--------+--------+--------+-----+--------+
         Total |  80920 |  75614 |   5306 |  20780 |  41590 |  52 | 1556.2 |
       Dungeon |  21730 |  19718 |   2012 |   3677 |  12106 |  15 | 1448.7 |
        Temple |     71 |     40 |     31 |      0 |     39 |   1 |   71.0 |
          Lair |  10883 |  10331 |    552 |   2050 |   6812 |   6 | 1813.8 |
         Swamp |   3745 |   3405 |    340 |    656 |   2206 |   4 |  936.2 |
   Spider Nest |   8280 |   7810 |    470 |   3001 |   3793 |   4 | 2070.0 |
  Orcish Mines |   2802 |   2340 |    462 |    327 |   1521 |   2 | 1401.0 |
   Elven Halls |   6205 |   5933 |    272 |   2335 |   2636 |   3 | 2068.3 |
        Vaults |  12404 |  11625 |    779 |   3195 |   6489 |   5 | 2480.8 |
         Crypt |   5559 |   5377 |    182 |   2494 |   1812 |   3 | 1853.0 |
        Depths |   7442 |   7239 |    203 |   2148 |   3848 |   5 | 1488.4 |
         Abyss |    118 |    118 |      0 |     55 |      0 |   1 |  118.0 |
        Bazaar |    467 |    467 |      0 |     75 |    227 |   1 |  467.0 |
       Ossuary |    991 |    991 |      0 |    689 |     86 |   1 |  991.0 |
       Volcano |    215 |    215 |      0 |     77 |     14 |   1 |  215.0 |
               +--------+--------+--------+--------+--------+-----+--------+

Top non-repeatable levels by time:
Vaults:4: 3197 daAuts
 Crypt:1: 3033 daAuts
Vaults:1: 2926 daAuts
Depths:3: 2903 daAuts
Vaults:3: 2752 daAuts
  Lair:6: 2680 daAuts
  Lair:3: 2671 daAuts
    D:14: 2479 daAuts
Spider:3: 2455 daAuts
   Elf:3: 2448 daAuts
   Elf:1: 2183 daAuts
Spider:2: 2134 daAuts
Spider:1: 2009 daAuts
     D:4: 1952 daAuts
Vaults:2: 1943 daAuts
